 Dungeon Crawl Stone Soup version 0.31-a0-1278-g11c5b68f87 (webtiles) character file.

Game seed: 17048186772488237043

84 croobank the Ruffian (level 4, -1/29 HPs)
             Began as an Octopode Shapeshifter on Dec 18, 2023.
             Slain by an adder (3 damage)
             ... on level 2 of the Dungeon.
             The game lasted 00:03:45 (1547 turns).

croobank the Ruffian (Octopode Shapeshifter)        Turns: 1547, Time: 00:03:46

Health: -1/29      AC:  1    Str: 10 (13) XL:     4   Next: 45%
Magic:  4/4        EV: 13    Int: 13 (14) God:
Gold:   117        SH:  0    Dex:  8 (11) Spells: 3/3 levels left

rFire   . .          .
                       - Unarmed
rCold   . . .        (no shield)
rNeg    . . .        (helmet currently unavailable)
rPois   .            (no amulet)
rElec   .            (no ring)
rCorr   .            (no ring)
SInv    .            (no ring)
Will    .....        (no ring)
Stlth   ++           (no ring)
HPRegen 0.24/turn    (no ring)
MPRegen 0.09/turn    (no ring)
                     (no ring)

%: no passive effects
@: lethally poisoned (-1 -> -7), beast-form
A: beast (slay +2), almost no armour, amphibious, 8 rings, camouflage 1,
gelatinous body 1, (nimble swimmer 1), tentacles
a: Begin Untransformation


You were on level 2 of the Dungeon.
You were a hulking beast.
You visited 1 branch of the dungeon, and saw 2 of its levels.

You collected 117 gold pieces.

Inventory:

Hand Weapons
 i - a +0 war axe
 j - a +1 dagger of protection
 k - a +0 short sword
Magical Staves
 d - a staff of poison
Talismans
 b - a beast talisman
 c - a flux talisman
Scrolls
 m - a scroll of fog {unknown}
Potions
 a - a potion of lignification
 g - a potion of mutation {unknown}


   Skills:
 + Level 2.1 Fighting
 + Level 2.8 Dodging
 + Level 3.6 Unarmed Combat
 + Level 3.5 Shapeshifting


You had 3 spell levels left.
You didn't know any spells.
Your spell library contained the following spells:

 Spells                   Type           Power      Damage    Failure   Level
 Slow                     Hex            0%         N/A       30%         1
 Confusing Touch          Hex            0%         N/A       67%         3
 Gell's Gravitas          Tloc           0%         N/A       67%         3
 Sigil of Binding         Hex            0%         N/A       67%         3
 Teleport Other           Tloc           0%         N/A       67%         3
 Vampiric Draining        Necr           0%         2d6       67%         3
 Dispersal                Tloc           0%         N/A       100%        6


Dungeon Overview and Level Annotations

Branches:
Dungeon (2/15)

Altars:

Annotations:
D:2 Robin


Innate Abilities, Weirdness & Mutations

You are a hulking beast.
Your limbs bulge with bestial killing power. (Slay +2)
You cannot wear most types of armour.
You are amphibious.
You can wear up to eight rings at the same time.
Your skin changes colour to match your surroundings (Stealth+).
Your rubbery body absorbs attacks. (AC +1, EV +1)
((You are camouflaged when in or above water. (Stealth+)))
You have tentacles for arms and can constrict up to eight enemies at once.


Message History

Found a stone staircase leading up.
You see here 11 gold pieces.
You now have 117 gold pieces (gained 11).
You tentacle-slap the frilled lizard.
You kill the frilled lizard!
You barely miss the hobgoblin. You grab the hobgoblin.
You squeeze the hobgoblin.
You kill the hobgoblin!
You start resting.
A rat comes into view.
The rat squeaks loudly.
You tentacle-slap the rat.
You kill the rat!
You start resting.
An adder comes into view.
The adder bites you.
You are poisoned.
The adder poisons you!
You closely miss the adder. Your grab misses the adder.
Your squeeze misses the adder.
You feel sick. The adder closely misses you.
You tentacle-slap the adder. You grab the adder.
The adder is moderately wounded.
You constrict the adder, but do no damage.
You feel sick. The adder bites you.
* * * LOW HITPOINT WARNING * * *
You are lethally poisoned!
The adder poisons you!
You barely miss the adder.
The adder is moderately wounded.
You constrict the adder.
* * * LOW HITPOINT WARNING * * *
You feel sick. The adder bites you.
* * * LOW HITPOINT WARNING * * *
It was a potion of degeneration.
There was something very wrong with that liquid.
You feel weakened.
You feel dopey.
You feel clumsy.
You constrict the adder.
* * * LOW HITPOINT WARNING * * *
You feel sick. The adder bites you.
You die...

## .. ###. ..<..
###.!.################..
...>..Sh...†............
###..###########...##...
# #........ ..'........
####......$. ####.....
..... #####


You could see an adder.

Vanquished Creatures
  2 adders (D:2)
  A worm (D:2)
  A dart slug (D:1)
  6 ball pythons
  3 bats
  7 endoplasms
  3 giant cockroaches (D:1)
  5 goblins (D:2)
  6 hobgoblins
  3 jackals (D:1)
  3 quokkas (D:1)
  4 frilled lizards
  7 kobolds
  5 rats
56 creatures vanquished.

Notes
Turn   | Place    | Note
-------+----------+-------------------------------------------
     0 | D:1      | croobank the Octopode Shapeshifter began the quest for the
                  | Orb.
     0 | D:1      | Reached XP level 1. HP: 13/13 MP: 1/1
     4 | D:1      | Noticed an electric eel
    71 | D:1      | Reached XP level 2. HP: 3/18 MP: 2/2
   466 | D:1      | Reached XP level 3. HP: 16/23 MP: 3/3
  1156 | D:2      | Reached XP level 4. HP: 29/29 MP: 4/4
  1504 | D:2      | Noticed Robin
  1547 | D:2      | Slain by an adder

Illustrated notes

Levels and vault maps discovered:
D:1:      arrival_aquarium_a, layout_basic, minmay_small_reverse_x
D:2:      layout_basic, minmay_between, uniq_robin

Skill      XL: |  1  2  3 |
---------------+----------+-----
Fighting       | 2 |  2.1
Dodging        | |  2.8
Unarmed Combat | |  3.6
Shapeshifting  | |  3.5

Action                     |  1- 3 |  4- 6 || total
---------------------------+-------+-------++-------
  Melee: Unarmed           |    81 |    30 ||   111
         Constrict         |    16 |     7 ||    23
         Tentacles         |    13 |     3 ||    16
         Punch             |     1 |     2 ||     3
    Use: Scroll            |       |     3 ||     3
         Potion            |       |     1 ||     1
   Stab: Sleeping          |     9 |     3 ||    12
 Armour: Skin              |    29 |    18 ||    47
  Dodge: Dodged            |    47 |    14 ||    61

Table legend: (Time is in decaauts)
 A = Elapsed time spent in this place.
 B = Non-inter-level travel time spent in this place.
 C = Inter-level travel time spent in this place.
 D = Time resting spent in this place.
 E = Time spent auto-exploring this place.
 F = Levels seen in this place.
 G = Mean time per level.
                   A        B        C        D        E       F      G
               +--------+--------+--------+--------+--------+-----+--------+
         Total |   1540 |   1520 |     20 |    205 |    941 |   2 |  770.0 |
       Dungeon |   1540 |   1520 |     20 |    205 |    941 |   2 |  770.0 |
               +--------+--------+--------+--------+--------+-----+--------+

Top non-repeatable levels by time:
     D:1: 1035 daAuts
     D:2: 504 daAuts
